 Dungeon Crawl Stone Soup version 0.31-a0-193-gdfe2569204 (webtiles) character file.

Game seed: 14549769621377028449

373 qw the Skirmisher (level 6, -1/35 HPs)
             Began as a Deep Elf Hunter on June 24, 2023.
             Slain by an orc
             ... wielding a +0 war axe
              (8 damage)
             ... on level 5 of the Dungeon.
             The game lasted 00:02:19 (3998 turns).

qw the Skirmisher (Deep Elf Hunter)                 Turns: 3998, Time: 00:02:20

Health: -1/35      AC: 10    Str: 10    XL:     6   Next: 43%
Magic:  8/8        EV: 11    Int: 14    God:
Gold:   108        SH:  5    Dex: 18    Spells: 5/5 levels left

rFire   . . .        Y - +2 orcbow
rCold   . . .        (shield currently unavailable)
rNeg    . . .        h - +0 ring mail
rPois   .            (no helmet)
rElec   .            (no cloak)
rCorr   .            (no gloves)
SInv    .            i - +0 pair of boots
Will    .....        g - amulet of reflection
Stlth   +            f - +4 ring of protection
HPRegen 0.25/turn    (no ring)
MPRegen 0.11/turn

%: reflection
@: about to teleport
A: no striking features
a: no special abilities


You were on level 5 of the Dungeon.
You visited 1 branch of the dungeon, and saw 5 of its levels.
You also visited: Ossuary.

You collected 396 gold pieces.
You spent 288 gold pieces at shops.


   Skills:
 - Level 2.0 Fighting
 - Level 10.0 Ranged Weapons
 + Level 2.6 Dodging
 - Level 1.2 Stealth


You had 5 spell levels left.
You didn't know any spells.
Your spell library was empty.

Inventory:

Hand Weapons
 Y - a +2 orcbow (weapon)
Armour
 h - a +0 ring mail (worn)
 i - a +0 pair of boots (worn)
Jewellery
 f - a +4 ring of protection (left hand)
 g - an amulet of reflection (around neck)
Scrolls
 a - 3 scrolls of identify
 n - a scroll of teleportation
Potions
 b - 3 potions of curing
 c - a potion of might
 e - a potion of enlightenment
 j - 2 potions of cancellation

Dungeon Overview and Level Annotations

Branches:
Dungeon (5/15)            Ossuary (visited)
 Temple: D:4-7

Altars:
Vehumet

Shops:
D:3 (   D:4 ?[

Annotations:
D:4 1 runed translucent door, qw's ghost, amateur DEHu


Message History

You shoot an arrow. The arrow closely misses the ufetubus.
An orc comes into view. It is wielding a +0 war axe.
The ufetubus barely misses you.
The ufetubus hits you but does no damage.
You shoot an arrow. The arrow barely misses the ufetubus.
The arrow hits the orc.
The orc is heavily wounded.
The ufetubus barely misses you.
The ufetubus hits you but does no damage.
A sleepcap comes into view.
You block the ufetubus's attack. The ufetubus hits you.
A scorpion comes into view.
You shoot an arrow. The arrow misses the ufetubus.
The arrow hits the sleepcap!
The sleepcap is moderately damaged.
The ufetubus hits you. x2
The ufetubus hits you but does no damage.
The ufetubus barely misses you.
You shoot an arrow. The arrow misses the ufetubus.
The arrow closely misses the orc.
The ufetubus hits you but does no damage.
The ufetubus hits you.
The ufetubus hits you but does no damage.
The ufetubus hits you.
You shoot an arrow. The arrow hits the two-headed ogre!
The two-headed ogre is lightly wounded.
The ufetubus hits you but does no damage.
The ufetubus barely misses you. You block the two-headed ogre's attack.
The two-headed ogre barely misses you.
You shoot an arrow. The arrow hits the two-headed ogre!
The two-headed ogre is moderately wounded.
The ufetubus barely misses you. x2; The ufetubus closely misses you.
The ufetubus barely misses you. The two-headed ogre closely misses you.
The two-headed ogre hits you with a +0 giant club!!
Ouch! That really hurt!
3998 ||| READING 2 scrolls of teleportation.
As you read the scroll of teleportation, it crumbles to dust.
You feel strangely unstable.
The ufetubus hits you but does no damage.
The ufetubus closely misses you. The orc hits you with a +0 war axe!
You die...

.......... ........
##...... #......##
##.......#
...?...<.## .
..........### ...
............##.?...
...........@5f.....
###........Oo..#...
#...........##
..........<#.#
..........####
.#.##.....# ##
##..... .....


You could see a two-headed ogre, a sleepcap, an orc and an ufetubus.

Vanquished Creatures
  A scorpion (D:4)
  A hound (D:4)
  A statue (D:3)
  8 mummies (Ossuary)
  7 adders
  An ufetubus (D:4)
  2 dart slugs (D:2)
  An orc (D:4)
  7 ball pythons
  5 bats
  6 endoplasms
  A giant cockroach (D:4)
  10 goblins
  8 hobgoblins
  9 jackals
  2 quokkas
  4 frilled lizards
  3 hobgoblin zombies (Ossuary)
  6 kobolds
  2 kobold zombies (Ossuary)
  3 orc zombies (Ossuary)
  8 rats
96 creatures vanquished.

Notes
Turn   | Place    | Note
-------+----------+-------------------------------------------
     0 | D:1      | qw the Deep Elf Hunter began the quest for the Orb.
     0 | D:1      | Reached XP level 1. HP: 12/12 MP: 3/3
     0 | D:1      | 0 ||| qw: Version: 0.3-a-9-g12657ce
     0 | D:1      | 0 ||| qw: Game counter: 4686
     0 | D:1      | 0 ||| qw: Always use a shield: true
     0 | D:1      | 0 ||| qw: God list: Okawaru
     0 | D:1      | 0 ||| qw: Allow faded altars: false
     0 | D:1      | 0 ||| qw: Do Orc after D:15 true
     0 | D:1      | 0 ||| qw: Do second Lair branch before Depths: true
     0 | D:1      | 0 ||| qw: Lair rune preference: random
     0 | D:1      | 0 ||| qw: Plans: Normal
     0 | D:1      | 0 ||| PLANNING D:1-11
    68 | D:1      | Reached XP level 2. HP: 16/16 MP: 4/4
    80 | D:1      | Reached skill level 6 in Ranged Weapons
   143 | D:1      | You fall into a shaft and drop 1 floor!
   210 | D:2      | 210 ||| UPGRADING to +0 scale mail.
   220 | D:2      | 220 ||| DROPPING +0 leather armour.
   221 | D:2      | 221 ||| UPGRADING to +0 ring mail.
   231 | D:2      | 231 ||| DROPPING +0 scale mail.
   232 | D:2      | 232 ||| FLEEEEING.
   239 | D:2      | 239 ||| STAIRDANCE
   426 | D:1      | Reached XP level 3. HP: 20/20 MP: 5/5
   632 | D:1      | 632 ||| UPGRADING to +0 pair of boots.
   688 | D:1      | 688 ||| UPGRADING to amulet of reflection.
   693 | D:1      | 693 ||| READING 2 scrolls labelled QEDODD VUWASHRI.
   694 | D:1      | 694 ||| DRINKING 2 emerald potions.
   695 | D:1      | 695 ||| DROPPING scroll of butterflies.
   824 | D:2      | Reached skill level 7 in Ranged Weapons
  1110 | D:2      | Reached XP level 4. HP: 25/25 MP: 6/6
  1553 | D:2      | 1553 ||| UPGRADING to +4 ring of protection.
  1554 | D:2      | 1554 ||| READING scroll labelled POOSMEY LUCYKH.
  1655 | D:2      | 1655 ||| READING scroll labelled SUADUL XOKIO.
  1660 | D:2      | 1660 ||| DRINKING 2 metallic puce potions.
  1776 | D:3      | Found a faded altar of an unknown god.
  1917 | D:3      | Found Pazaff's Weapon Shop.
  1932 | D:3      | 1932 ||| BUYING +0 orcbow (42 gold).
  1932 | D:3      | Bought a +0 orcbow for 42 gold pieces
  1932 | D:3      | 1932 ||| SWAPPING to +0 orcbow.
  1933 | D:3      | 1933 ||| DROPPING +0 shortbow.
  2376 | D:3      | Found a radiant altar of Vehumet.
  2445 | D:3      | Noticed a charred statue
  2448 | D:3      | 2448 ||| FLEEEEING.
  2450 | D:3      | 2450 ||| FLEEEEING.
  2488 | D:3      | 2488 ||| FLEEEEING.
  2508 | D:3      | Killed a charred statue
  2509 | D:3      | Reached skill level 8 in Ranged Weapons
  2510 | D:3      | 2510 ||| READING scroll labelled EBLUEG YCWIECW.
  2511 | D:3      | 2511 ||| READING scroll labelled TEIMAIHISS.
  2512 | D:3      | 2512 ||| READING 4 scrolls of identify.
  2512 | D:3      | 2512 ||| IDENTIFYING black potion
  2513 | D:3      | 2513 ||| READING 3 scrolls of identify.
  2513 | D:3      | 2513 ||| IDENTIFYING green potion
  2514 | D:3      | 2514 ||| READING 2 scrolls of identify.
  2514 | D:3      | 2514 ||| IDENTIFYING orange potion
  2515 | D:3      | 2515 ||| DROPPING potion of brilliance.
  2516 | D:3      | 2516 ||| DROPPING potion of berserk rage.
  2555 | D:4      | 2555 ||| PLANNING OSSUARY
  2562 | D:4      | 2562 ||| STAIRDANCE
  2587 | D:4      | Found Fecrah's Antique Armour Shop.
  2592 | D:4      | 2592 ||| SHOPLISTING distressingly furry ice dragon scales
                  | (1820 gold, have 114).
  2592 | D:4      | 2592 ||| SHOPLISTING shiny ring mail (196 gold, have 114).
  2624 | D:4      | Noticed a scorpion
  2628 | D:4      | Reached XP level 5. HP: 23/29 MP: 7/7
  2633 | D:4      | Reached skill level 9 in Ranged Weapons
  2644 | D:4      | 2644 ||| FLEEEEING.
  2645 | D:4      | 2645 ||| FLEEEEING.
  2647 | D:4      | 2647 ||| FLEEEEING.
  2648 | D:4      | 2648 ||| FLEEEEING.
  2649 | D:4      | 2649 ||| FLEEEEING.
  2650 | D:4      | 2650 ||| FLEEEEING.
  2651 | D:4      | 2651 ||| FLEEEEING.
  2652 | D:4      | 2652 ||| FLEEEEING.
  2653 | D:4      | 2653 ||| FLEEEEING.
  2654 | D:4      | 2654 ||| FLEEEEING.
  2655 | D:4      | 2655 ||| FLEEEEING.
  2656 | D:4      | 2656 ||| FLEEEEING.
  2657 | D:4      | 2657 ||| FLEEEEING.
  2658 | D:4      | 2658 ||| FLEEEEING.
  2659 | D:4      | 2659 ||| FLEEEEING.
  2660 | D:4      | 2660 ||| FLEEEEING.
  2661 | D:4      | 2661 ||| FLEEEEING.
  2665 | D:4      | 2665 ||| STAIRDANCE
  2933 | D:4      | Found Uveiw's Magic Scroll Boutique.
  2944 | D:4      | 2944 ||| BUYING scroll of enchant weapon (97 gold).
  2944 | D:4      | Bought a scroll of enchant weapon for 97 gold pieces
  2944 | D:4      | 2944 ||| SHOPLISTING scroll of enchant weapon (97 gold,
                  | have 37).
  2944 | D:4      | 2944 ||| BUYING scroll of identify (26 gold).
  2944 | D:4      | Bought a scroll of identify for 26 gold pieces
  2944 | D:4      | 2944 ||| SHOPLISTING scroll of identify (26 gold, have 11).
  2944 | D:4      | 2944 ||| READING scroll of enchant weapon.
  2944 | D:4      | 2944 ||| ENCHANTING +0 orcbow.
  2968 | D:4      | Reached XP level 6. HP: 35/35 MP: 8/8
  2970 | D:4      | Found a runed translucent door.
  2976 | D:4      | Noticed qw's ghost (amateur DEHu)
  3018 | D:4      | Found a sand-covered staircase.
  3019 | D:4      | 3019 ||| DRINKING 2 bubbling orange potions.
  3020 | D:4      | 3020 ||| DRINKING 2 potions of curing.
  3020 | D:4      | 3020 ||| (to cure confusion)
  3021 | D:4      | 3021 ||| READING 2 scrolls of identify.
  3021 | D:4      | 3021 ||| IDENTIFYING pink potion
  3022 | D:4      | 3022 ||| DROPPING potion of ambrosia.
  3027 | Ossuary  | Entered an ossuary
  3197 | Ossuary  | Reached skill level 10 in Ranged Weapons
  3253 | Ossuary  | 3253 ||| DRINKING 2 bubbling ruby potions.
  3282 | Ossuary  | 3282 ||| READING 3 scrolls of identify.
  3282 | Ossuary  | 3282 ||| IDENTIFYING fizzy golden potion
  3283 | Ossuary  | 3283 ||| DROPPING potion of lignification.
  3284 | Ossuary  | 3284 ||| DROPPING potion of magic.
  3308 | D:4      | 3308 ||| PLANNING D:1-11
  3424 | D:4      | 3424 ||| BUYING scroll of enchant weapon (97 gold).
  3424 | D:4      | Bought a scroll of enchant weapon for 97 gold pieces
  3424 | D:4      | 3424 ||| BUYING scroll of identify (26 gold).
  3424 | D:4      | Bought a scroll of identify for 26 gold pieces
  3424 | D:4      | 3424 ||| READING scroll of enchant weapon.
  3424 | D:4      | 3424 ||| ENCHANTING +1 orcbow.
  3983 | D:5      | Entered Level 5 of the Dungeon
  3990 | D:5      | Noticed a two-headed ogre
  3997 | D:5      | HP: 7/35 [two-headed ogre/+0 giant club (21)]
  3998 | D:5      | 3998 ||| READING 2 scrolls of teleportation.
  3998 | D:5      | Slain by an orc

Levels and vault maps discovered:
D:1:      dpeg_arrival_arbitrary_b, layout_basic, minmay_hexomino_c4
D:2:      layout_basic
D:3:      layout_basic, vehumet_statue, shapermc_ecumenical_altar_totnotflames,
          serial_shops, nicolae_shop_bloodbath_and_beyond, nicolae_eternal_life
D:4:      layout_rooms, ebering_ghost_sewer_d, serial_shops, nicolae_shop_trees,
          nicolae_stop_n_shop_2, nicolae_ossuary_entry_false_entrances,
          eino_curves_04
D:5:      layout_cave_pools, pdpol_temple_overflow_zin_treasury_gozag_greed,
          minmay_temple_entry_mini_moons, uniq_eustachio

Skill      XL: |  1  2  3  4  5  6 |
---------------+-------------------+-----
Ranged Weapons | 6 7 8 9 10 | 10.0
Fighting       | 2 |  2.0
Dodging        | |  2.6
Stealth        | |  1.2

Action                     |  1- 3 |  4- 6 || total
---------------------------+-------+-------++-------
   Fire: Shortbow          |   111 |    42 ||   153
         Orcbow            |       |   157 ||   157
    Use: Scroll            |     1 |    12 ||    13
         Potion            |     1 |     4 ||     5
 Armour: Ring mail         |    16 |    55 ||    71
         Leather armour    |     6 |       ||     6
  Dodge: Dodged            |    26 |    78 ||   104
  Block: Other             |     2 |    20 ||    22
         Reflection        |       |     1 ||     1

Table legend:
 A = Non-vault XP
 B = Vault XP
 C = Vault XP percentage of total XP
 D = Non-vault monster count
 E = Vault monster count
 F = Vault count percentage of total count
                 A         B        C        D         E       F
            +---------+---------+-------+---------+---------+-------
      Total |     341 |     192 |  36.0 |      74 |      22 |  22.9
            +---------+---------+-------+---------+---------+-------
        D:1 |      36 |       8 |  18.2 |      22 |       5 |  18.5
        D:2 |      73 |       0 |   0.0 |      20 |       0 |   0.0
        D:3 |      36 |      32 |  47.1 |      14 |       1 |   6.7
        D:4 |     196 |       0 |   0.0 |      18 |       0 |   0.0
    Ossuary |       0 |     152 | 100.0 |       0 |      16 | 100.0
            +---------+---------+-------+---------+---------+-------
